 Dungeon Crawl Stone Soup version 0.31-a0-1570-g93c622d222 (webtiles) character file.

Game seed: 16314332529846569688

26206 croobank the Fighter (level 12, -1/70 HPs)
             Began as a Felid Delver on Jan 3, 2024.
             Was an Initiate of Gozag.
             Slain by a blink frog (13 damage)
             ... on level 3 of the Lair of Beasts.
             The game lasted 01:48:11 (17895 turns).

croobank the Fighter (Felid Delver)                Turns: 17895, Time: 01:48:11

Health: -1/70      AC:  3    Str: 10    XL:     12   Next: 96%
Magic:  17/21      EV: 25    Int: 16    God:    Gozag
Gold:   1007       SH:  0    Dex: 19    Spells: 6/22 levels left
                                        Lives:  0   Deaths: 4

rFire   + .          .
                       - Unarmed
rCold   + . .        (shield unavailable)
rNeg    . . .        (body armour unavailable)
rPois   .            (helmet unavailable)
rElec   .            (cloak unavailable)
rCorr   .            (gloves unavailable)
SInv    +            (boots unavailable)
Will    ++...        u - amulet of regeneration
Stlth   +++++        q - ring of willpower
HPRegen 1.11/turn    o - ring of protection from fire
MPRegen 0.17/turn

%: no passive effects
@: mighty, gold aura, unable to call your familiar, studying Fighting
A: very small, claws 1, fangs 3, see invisible, shaggy fur 3, stealthy paws, no
weapons or thrown items, no armour, multi-lived
a: Renounce Religion, Potion Petition, Call Merchant, Bribe Branch


You were on level 3 of the Lair of Beasts.
You worshipped Gozag.
Gozag was most pleased with you.
You visited 3 branches of the dungeon, and saw 16 of its levels.

You collected 2863 gold pieces.
You spent 1406 gold pieces at shops.
You paid 450 gold pieces to Gozag.

Inventory:

Jewellery
 f - an amulet of magic regeneration
 n - an amulet of reflection
 o - a ring of protection from fire (right paw)
 q - a ring of willpower (left paw)
 t - the amulet "Fifacliq" {Acrobat Will+}
   (You found it on level 7 of the Dungeon)

   [amulet of the acrobat]

   Acrobat:   It increases your evasion while moving and waiting.
   Will+:     It increases your willpower.
 u - an amulet of regeneration (around neck)
 v - a +5 ring of evasion
Talismans
 m - a maw talisman
Wands
 j - a wand of polymorph (15)
Scrolls
 a - 4 scrolls of revelation
 b - a scroll of vulnerability
 c - 3 scrolls of silence
 e - 2 scrolls of amnesia
 l - 2 scrolls of identify
 r - 4 scrolls of teleportation
Potions
 d - 2 potions of mutation
 g - 2 potions of cancellation
 h - a potion of magic
 i - a potion of heal wounds
 p - 2 potions of attraction
Miscellaneous
 w - a sack of spiders


   Skills:
 + Level 11.3 Fighting
 + Level 11.0 Dodging
 - Level 11.1 Stealth
 + Level 8.6 Unarmed Combat
 - Level 5.6 Spellcasting
 - Level 5.8 Conjurations
 + Level 6.0 Summonings
 - Level 9.0 Translocations
 + Level 6.2 Air Magic
 - Level 6.0 Alchemy


You had 6 spell levels left.
You knew the following spells:

 Your Spells              Type           Power      Damage    Failure   Level
a - Mephitic Cloud        Conj/Alch/Air  23%        N/A       3%          3
b - Call Imp              Summ           46%        N/A       1%          2
c - Call Canine Familiar  Summ           23%        N/A       3%          3
e - Summon Lightning Spi  Summ/Air       24%        N/A       12%         4
B - Blink                 Tloc           66%        N/A       1%          2
M - Mercury Vapours       Alch/Air       48%        N/A       1%          2

Your spell library contained the following spells:

 Spells                   Type           Power      Damage    Failure   Level
 Summon Small Mammal      Summ           92%        N/A       1%          1
 Lesser Beckoning         Tloc           66%        N/A       1%          2
 Momentum Strike          Conj/Tloc      56%        3d9       1%          2
 Static Discharge         Conj/Air       46%        3-5/arc   1%          2
 Airstrike                Air            12%        2d(2-18)  11%         4
 Hailstorm                Conj/Ice       13%        3d6       13%         3
 Freeze                   Ice            16%        1d4       14%         1
 Slow                     Hex            16%        N/A       14%         1
 Scorch                   Fire           8%         2d5       22%         2
 Sublimation of Blood     Necr           4%         N/A       22%         2
 Irradiate                Conj/Alch      11%        3d15      34%         5
 Ignite Poison            Fire/Alch      14%        N/A       38%         4
 Petrify                  Alch/Erth      14%        N/A       38%         4
 Sticky Flame             Fire/Alch      14%        2d5       38%         4
 Summon Blazeheart Golem  Fire/Summ      14%        N/A       38%         4
 Confusing Touch          Hex            4%         N/A       41%         3
 Frozen Ramparts          Ice            8%         1d2       41%         3
 Sigil of Binding         Hex            4%         N/A       41%         3
 Vampiric Draining        Necr           4%         2d6       41%         3
 Flame Wave               Conj/Fire      13%        2d6       41%         4
 Freezing Cloud           Conj/Ice/Air   8%         6-21      58%         5
 Anguish                  Hex/Necr       2%         N/A       82%         4
 Cause Fear               Hex            2%         N/A       82%         4
 Summon Cactus Giant      Summ           11%        N/A       88%         6
 Enfeeble                 Hex            2%         N/A       100%        7
 Summon Hydra             Summ           11%        N/A       100%        7
 Ignition                 Fire           2%         3d3       100%        8


Dungeon Overview and Level Annotations

Branches:
Dungeon (12/15)            Temple (1/1) D:7            Lair (3/5) D:9
    Orc (0/2) D:11
  Swamp: Lair:2-3    Shoals: Lair:2-3     Snake: Lair:2-3    Spider: Lair:2-3

Altars:
Ashenzari
Cheibriados
Dithmenos
Elyvilon
Fedhas
Gozag
Hepliaklqana
Kikubaaqudgha
Makhleb
Nemelex Xobeh
Okawaru
Qazlal
Ru
Sif Muna
Trog
Uskayaw
Vehumet
Wu Jian
Xom
Yredelemnul
Zin
The Shining One

Shops:
D:2 [(*   D:4 =[   D:9 :[*[   D:11 ?:[(

Portals:
Trove: D:12 (give 7 scrolls of fog)

Annotations:
D:4 1 runed translucent door, mooti9's ghost, amateur GnBe
D:6 Maggie
D:11 exclusion: 3 oklob plants
Abyss:1 Sonja


Innate Abilities, Weirdness & Mutations

You have sharp claws.
You have razor-sharp teeth.
You have supernaturally acute eyesight. (SInv)
Your thick and shaggy fur keeps you warm. (AC +3, rC+)
Your paws help you pounce on unaware monsters.
You are incapable of wielding weapons or throwing items.
You cannot wear armour.
You gain extra lives every three experience levels.


Message History

The elephant barely misses you. x3; The blink frog blinks!
You scratch the elephant.
The elephant is heavily wounded.
The elephant completely misses you. x3; The elephant closely misses you.
You mangle the elephant!!
The elephant is almost dead.
The elephant tramples you but does no damage.
The elephant closely misses you.
You claw the elephant!
You kill the elephant!
The elephant misses you. The elephant completely misses you.
The elephant tramples you!
You hold your ground!
The elephant trunk-slaps you but does no damage.
The blink frog is distracted by your dazzling golden aura.
The blink frog croaks.
You claw the blink frog!
The blink frog is no longer distracted by gold.
The blink frog is severely wounded.
The blink frog closely misses you. The elephant closely misses you.
The elephant completely misses you. The elephant tramples you!
You hold your ground!
The elephant completely misses you.
You are too injured to fight recklessly!
You are too injured to fight recklessly!
Casting: Mephitic Cloud (dangerous; 3% risk of failure)
Confirm with . or Enter, or press ? or * to list all spells.
An electric hum fills the air.
The blink frog blinks!
The elephant misses you. x2
The elephant barely misses you. x2
The blink frog barely misses your lightning spire.
Your lightning spire shoots out a bolt of lightning at the elephant!
The bolt of electricity hits the elephant! x2
The elephant tramples you!
* * * LOW HITPOINT WARNING * * *
You stumble backwards!
The elephant completely misses you. The elephant trunk-slaps you.
* * * LOW HITPOINT WARNING * * *
The elephant is distracted by your dazzling golden aura.
The elephant is no longer distracted by gold.
The blink frog hits you!
You die...
Your body crumbles into a pile of gold.

######........P# #
##.......## ##.......P#
#........## ##........#
....# #.......#####
....# #........##.##
...... #..........YY#
...... #.........@F$#
#......
#..........8.###.......
##.P##PP.....##$.h.....
### ###........$......
#.......$........
##.......$.......
#...............
#...............
##P......P##P...


You could see 2 elephants, a blink frog and a friendly lightning spire
(summoned).

Vanquished Creatures
  A two-headed ogre (D:9)
  A boulder beetle (D:11)
  2 death yaks (D:7)
  A skyshark (Lair:1)
  Pikel (D:6)
  3 deep elf zephyrmancers (D:12)
  5 deep elf pyromancers (D:12)
  A cyclops (D:12)
  2 elephants (Lair:3)
  A gargoyle (D:11)
  5 cane toads
  2 unseen horrors
  4 komodo dragons
  Jeremiah (D:6)
  A troll (D:12)
  2 polar bears
  A blink frog (Lair:2)
  A hornet (D:9)
  A dream sheep (D:7)
  A shadow (D:11)
  A slime creature (Lair:1)
  2 wyverns
  15 yaks
  A wraith (D:12)
  A golden eye (D:11)
  2 hogs (D:7)
  A basilisk (D:11)
  4 steam dragons
  2 vampire mosquitoes (D:12)
  Edmund (D:6)
  3 acid dragons
  8 water moccasins
  Duvessa (D:7)
  4 orc warriors
  2 ogres
  8 black bears
  7 wolves
  6 centaurs
  2 phantoms
  5 kobold brigands
  A lemure (D:7)
  4 bullfrogs
  4 scorpions
  13 wights
  Dowan (D:7)
  6 killer bees
  4 howler monkeys (D:10)
  5 orc priests
  3 hounds
  11 jellies
  Crazy Yiuf (D:2)
  3 gnoll boudas
  2 iguanas
  3 sleepcaps
  Natasha (thrice) (D:2)
  7 orc wizards
  4 hell rats (Lair:1)
  Robin (D:2)
  15 gnolls
  5 adders
  4 river rats (Lair:1)
  2 white imps
  2 ufetubi
  6 dart slugs
  4 ribbon worms
  22 orcs
  9 ball pythons
  7 bats
  14 endoplasms
  4 giant cockroaches
  22 goblins
  7 hobgoblins
  4 quokkas
  2 frilled lizards
  22 kobolds
  11 rats
351 creatures vanquished.

Vanquished Creatures (collateral kills)
  An elephant (Lair:3)
  A hornet (D:9)
  5 blink frogs (Lair:2)
  A water moccasin (Lair:3)
  2 wolves (Lair:3)
  A jelly (Lair:1)
  4 endoplasms (Lair:1)
  A kobold (D:9)
16 creatures vanquished.

Grand Total: 367 creatures vanquished

Notes
Turn   | Place    | Note
-------+----------+-------------------------------------------
     0 | D:5      | croobank the Felid Delver began the quest for the Orb.
     0 | D:5      | Reached XP level 1. HP: 12/12 MP: 2/2
     7 | D:6      | Identified the +4 hand axe of Maotuir {holy, rC++ Int-3}
    97 | D:6      | Noticed an orc wizard
   182 | D:5      | Noticed an iguana
   205 | D:5      | Noticed an ogre
   343 | D:6      | Found a glowing drain.
   377 | D:6      | Noticed a jelly
   414 | D:6      | Noticed a bullfrog
   418 | D:7      | Noticed a phantom
   418 | D:7      | Found an iron altar of Okawaru.
   420 | D:7      | Noticed a sleepcap
   422 | D:7      | Killed a phantom
   423 | D:7      | Reached XP level 2. HP: 15/16 MP: 3/3
   423 | D:7      | Reached XP level 3. HP: 19/20 MP: 4/4
   423 | D:7      | Reached XP level 4. HP: 24/25 MP: 5/5
   423 | D:7      | Gained a life (2 lives remaining)
   423 | D:7      | Noticed a bullfrog
   436 | D:6      | Killed a bullfrog
   437 | D:6      | Reached XP level 5. HP: 11/29 MP: 6/6
   557 | D:6      | Noticed Edmund
   557 | D:6      | Noticed a water moccasin
   567 | D:6      | Succumbed to a water moccasin's poison
   567 | D:6      | Lost a life (1 life remaining)
   703 | D:6      | Noticed Maggie
   887 | D:6      | Noticed a lemure
   889 | D:6      | Noticed an ogre
   892 | D:6      | Noticed a lemure
   893 | D:6      | Noticed a lemure
   893 | D:6      | Noticed Pikel
   896 | D:6      | Noticed a lemure
   941 | D:7      | Killed a lemure
  1064 | D:7      | Gained mutation: You are covered in thick fur. (AC +2)
                  | [Felid growth]
  1064 | D:7      | Reached XP level 6. HP: 23/33 MP: 7/7
  1216 | D:9      | Noticed a steam dragon
  1217 | D:9      | Noticed a water moccasin
  1217 | D:9      | Noticed a steam dragon
  1219 | D:9      | Killed a steam dragon
  1220 | D:9      | Reached skill level 5 in Dodging
  1396 | D:6      | Killed a water moccasin
  1396 | D:6      | HP: 1/34 [poisoned by a water moccasin]
  1496 | D:7      | Reached XP level 7. HP: 16/38 MP: 8/8
  1496 | D:7      | Gained a life (2 lives remaining)
  1911 | D:5      | Reached skill level 5 in Fighting
  1923 | D:4      | Learned a level 3 spell: Mephitic Cloud
  1926 | D:4      | Noticed mooti9's ghost (amateur GnBe)
  1926 | D:4      | Found a runed translucent door.
  2220 | D:2      | Found Qacips's Assorted Antiques.
  2228 | D:2      | Noticed Natasha
  3018 | D:2      | Found Secuzxagy's Antique Weapon Shoppe.
  3024 | D:2      | Found Riel's Antique Armour Shop.
  3038 | D:2      | Reached skill level 1 in Air Magic
  3045 | D:2      | Killed Natasha
  3141 | D:2      | Bought a thick bronze amulet for 130 gold pieces
  3141 | D:2      | Bought a scroll labelled BEMYTO PYNGYOW for 26 gold pieces
  3141 | D:2      | Bought a scroll labelled NALOAP GYLL for 26 gold pieces
  3152 | D:2      | Bought a scroll of identify for 52 gold pieces
  3245 | D:2      | Noticed Robin
  3554 | D:3      | Reached skill level 1 in Alchemy
  3985 | D:2      | Found a runed translucent door.
  3986 | D:2      | Noticed Crazy Yiuf
  3993 | D:2      | Killed Crazy Yiuf
  3994 | D:2      | Reached skill level 1 in Conjurations
  4081 | D:2      | Noticed Natasha
  4090 | D:2      | Killed Natasha
  4117 | D:2      | Killed Robin
  4142 | D:2      | Noticed Natasha
  4147 | D:2      | Killed Natasha
  4148 | D:2      | Reached XP level 8. HP: 43/43 MP: 8/10
  4174 | D:2      | Identified the +1 whip of the Blushing Enemy {holy, Stlth+}
  4468 | D:4      | Found a sparkling altar of Nemelex Xobeh.
  4525 | D:4      | Found Bast's Jewellery Shoppe.
  4788 | D:4      | Found Zoiten's Antique Armour Emporium.
  4941 | D:4      | Reached skill level 1 in Spellcasting
  5564 | D:5      | Found a shadowy altar of Dithmenos.
  5616 | D:5      | Reached skill level 5 in Unarmed Combat
  5771 | D:6      | Noticed Jeremiah
  5774 | D:6      | Killed Jeremiah
  5775 | D:6      | Reached XP level 9. HP: 48/48 MP: 11/13
  5865 | D:6      | Killed Pikel
  5905 | D:6      | Killed Edmund
  6442 | D:7      | Noticed a death yak
  6444 | D:7      | Found a runed translucent gate.
  6444 | D:7      | Found a runed translucent gate.
  6444 | D:7      | Found a runed translucent gate.
  6444 | D:7      | Noticed a polar bear
  6444 | D:7      | Noticed a death yak
  6614 | D:7      | Noticed Duvessa
  6617 | D:7      | Noticed Dowan
  6620 | D:7      | Killed Dowan
  6621 | D:7      | Reached skill level 10 in Stealth
  6633 | D:7      | Killed Duvessa
  6847 | D:7      | Found a staircase to the Ecumenical Temple.
  6856 | Temple   | Entered the Ecumenical Temple
  6943 | Temple   | Became a worshipper of Gozag Ym Sagoz the Greedy
  7903 | D:8      | Slain by an orc warrior
  7903 | D:8      | Lost a life (1 life remaining)
  7929 | D:8      | Slain by an orc warrior
  7929 | D:8      | Lost a life (0 lives remaining)
  8104 | D:8      | Reached XP level 10. HP: 55/55 MP: 9/17
  8104 | D:8      | Gained a life (1 life remaining)
  8122 | D:8      | Found a stormy altar of Qazlal.
  8726 | D:9      | Found a staircase to the Lair.
  8744 | D:9      | Found Ulyss's Antique Armour Boutique.
  8748 | D:9      | Found Raqeqe's Armour Boutique.
  8748 | D:9      | Found Votenin's Book Boutique.
  8749 | D:9      | Found Voseg's General Store.
  8756 | D:9      | Noticed a two-headed ogre
  8869 | D:9      | Killed a two-headed ogre
  9341 | D:10     | Entered Level 10 of the Dungeon
  9622 | D:10     | Reached skill level 5 in Air Magic
  9656 | D:9      | Reached skill level 5 in Alchemy
  9828 | D:9      | Reached skill level 5 in Conjurations
 10094 | D:10     | Learned a level 2 spell: Mercury Vapours
 10280 | D:10     | Found a hazy altar of Hepliaklqana.
 10365 | D:10     | Reached XP level 11. HP: 60/60 MP: 15/19
 10754 | D:11     | Noticed a boulder beetle
 10760 | D:11     | Reached skill level 5 in Spellcasting
 10959 | D:11     | Found Ute Ges's Antique Weapon Shoppe.
 11017 | D:11     | Slain by a boulder beetle
 11017 | D:11     | Lost a life (0 lives remaining)
 11160 | D:11     | Found Ninyrr's Armour Boutique.
 11193 | D:11     | Found Goupith's Book Shop.
 11195 | D:11     | HP: 1/60 [boulder beetle (22)]
 11208 | D:11     | Found Pomio's Magic Scroll Emporium.
 11320 | D:11     | Bought an Everburning Encyclopedia for 532 gold pieces
 11320 | D:11     | Bought a book of Spatial Translocations for 252 gold pieces
 11323 | D:11     | Learned a level 2 spell: Blink
 11327 | D:11     | Bought a scroll of vulnerability for 52 gold pieces
 11498 | D:11     | Found a staircase to the Orcish Mines.
 11513 | D:11     | Reached skill level 1 in Translocations
 11548 | D:11     | Noticed an oklob plant
 11559 | D:11     | Killed a boulder beetle
 11583 | D:11     | Noticed an oklob plant
 11583 | D:11     | Noticed an oklob plant
 11594 | D:11     | Reached skill level 5 in Translocations
 11923 | D:12     | Noticed Sonja
 11930 | D:12     | Banished Sonja
 12333 | D:12     | Found a portal to a secret trove of treasure.
 12369 | D:12     | Noticed a deep elf zephyrmancer
 12370 | D:12     | Noticed a deep elf zephyrmancer
 12370 | D:12     | Noticed a deep elf pyromancer
 12370 | D:12     | Noticed a deep elf pyromancer
 12370 | D:12     | Noticed a deep elf zephyrmancer
 12370 | D:12     | Noticed a deep elf pyromancer
 12382 | D:12     | Noticed a deep elf pyromancer
 12385 | D:12     | Killed a deep elf zephyrmancer
 12389 | D:12     | Noticed a deep elf pyromancer
 12393 | D:12     | Killed a deep elf pyromancer
 12394 | D:12     | Noticed a deep elf pyromancer
 12729 | D:12     | Killed a deep elf zephyrmancer
 12736 | D:12     | Killed a deep elf pyromancer
 12877 | D:12     | Killed a deep elf pyromancer
 12930 | D:12     | Killed a deep elf zephyrmancer
 13031 | D:12     | Killed a deep elf pyromancer
 13427 | D:12     | Killed a deep elf pyromancer
 13428 | D:12     | Gained mutation: Your thick and shaggy fur keeps you warm.
                  | (AC +3, rC+) [Felid growth]
 13428 | D:12     | Reached XP level 12. HP: 61/66 MP: 15/21
 13523 | D:9      | Bought a book of Blood for 336 gold pieces
 13526 | D:9      | Learned a level 2 spell: Call Imp
 13538 | Lair:1   | Entered Level 1 of the Lair of Beasts
 13602 | Lair:1   | HP: 3/66 [cane toad (25)]
 13608 | Lair:1   | Reached skill level 1 in Summonings
 15273 | Lair:1   | Learned a level 3 spell: Call Canine Familiar
 15474 | Lair:2   | Reached skill level 10 in Fighting
 15557 | Lair:2   | Reached skill level 10 in Dodging
 16850 | D:7      | Killed a death yak
 16850 | D:7      | Killed a death yak
 16851 | D:7      | Reached skill level 5 in Summonings
 17073 | D:7      | Identified the amulet "Fifacliq" {Acrobat Will+}
 17518 | Lair:2   | Learned a level 4 spell: Summon Lightning Spire
 17895 | Lair:3   | Slain by a blink frog

Illustrated notes

Levels and vault maps discovered:
D:1:      dpeg_arrival_shrine, layout_loops_cross, minmay_misc_feat_tiny
D:2:      layout_basic, serial_shops, shop, shop, shop, minmay_octomino_c4,
          uniq_robin, uniq_natasha, uniq_crazy_yiuf_cottage
D:3:      layout_loops_cross
D:4:      layout_basic, kennysheep_little_box, ebering_ghost_sewer_d,
          serial_shops, shop, minmay_shop_enchanted_jewellery, fountainhead
D:5:      layout_loops_cross, amcnicky_altar_gilded, kennysheep_generic_room_16
D:6:      layout_loops_ring, nicolae_ossuary_entry_monument,
          cheibrodos_sewer_entry_drain, minmay_hedge_maze, minmay_manual_mail,
          uniq_pikel, uniq_maggie, uniq_edmund, uniq_jeremiah
D:7:      lemuel_bear_cage, layout_loops_ring, okawaru_trees_2,
          lemuel_temple_firewalk_b, uniq_duvessa
D:8:      layout_cave_pools, general_overflow_altar
D:9:      layout_rooms, lair_entry_dummy, minmay_shop_grid_forest,
          wad_rectangle_vault
D:10:     layout_rooms, mainiacjoe_overflow_concentric_impassable
D:11:     layout_gridville, david_orc_3, serial_shops, shop, shop, shop,
          nicolae_shop_gibbet_a_chance, disabler_island
D:12:     layout_basic, nicolae_trove_entry_crystal, kennysheep_nub,
          elves_outpost_lemuel, uniq_sonja
Temple:   minmay_crystal_spiral_temple
Lair:1:   lemuel_slime, layout_loops_ring, kennysheep_abandoned_house
Lair:2:   layout_gridlike, chequers_serial_rivers_micro_b, guppyfry_lair_drakes
Lair:3:   layout_cellular_growth, nicolae_shoals_entry_flooding,
          dummy_snake_entry, basic_altar, beast_lair_carwin_10,
          serial_bayou_shore_a

Skill      XL: |  1  2  3  4  5  6  7  8  9 10 11 12 |
---------------+-------------------------------------+-----
Dodging        | 3 4 5 6 7 8 9 11 | 11.0
Stealth        | 7 8 9 10 11 | 11.1
Unarmed Combat | 3 4 5 6 7 8 |  8.6
Fighting       | 4 5 7 8 9 11 | 11.3
Air Magic      | 1 2 3 5 6 |  6.2
Alchemy        | 1 2 3 5 6 |  6.0
Conjurations   | 1 2 3 5 |  5.8
Spellcasting   | 2 4 5 |  5.6
Translocations | 9 |  9.0
Summonings     | 6 |  6.0

Action                     |  1- 3 |  4- 6 |  7- 9 | 10-12 || total
---------------------------+-------+-------+-------+-------++-------
  Melee: Unarmed           |     6 |   106 |   549 |   586 ||  1247
         Bite              |     1 |     8 |    75 |    98 ||   182
         Punch             |       |     4 |    22 |    33 ||    59
   Cast: Mephitic Cloud    |       |       |    15 |   106 ||   121
         Mercury Vapours   |       |       |       |    24 ||    24
         Blink             |       |       |       |     5 ||     5
         Call Imp          |       |       |       |    25 ||    25
         Call Canine Famil |       |       |       |    10 ||    10
         Summon Lightning  |       |       |       |     7 ||     7
 Invoke: Potion Petition   |       |       |       |     1 ||     1
  Evoke: Wand              |     3 |       |       |    23 ||    26
         Sack of spiders   |       |       |       |     1 ||     1
    Use: Scroll            |     3 |     3 |    15 |    12 ||    33
         Potion            |     2 |     2 |     6 |    15 ||    25
   Stab: Sleeping          |     3 |     2 |    31 |     5 ||    41
         Distracted        |       |       |     3 |     5 ||     8
         Confused          |       |       |     8 |    77 ||    85
         Paralysed         |       |       |       |     5 ||     5
         Invisible         |       |       |       |     1 ||     1
 Armour: Skin              |     4 |    50 |   137 |   180 ||   371
  Dodge: Dodged            |    22 |   107 |   398 |   496 ||  1023
  Block: Other             |       |       |     8 |       ||     8
         Reflection        |       |       |     1 |       ||     1

Table legend: (Time is in decaauts)
 A = Elapsed time spent in this place.
 B = Non-inter-level travel time spent in this place.
 C = Inter-level travel time spent in this place.
 D = Time resting spent in this place.
 E = Time spent auto-exploring this place.
 F = Levels seen in this place.
 G = Mean time per level.
                   A        B        C        D        E       F      G
               +--------+--------+--------+--------+--------+-----+--------+
         Total |  17773 |  16777 |    996 |   5264 |   5949 |  16 | 1110.8 |
       Dungeon |  14031 |  13360 |    671 |   4099 |   4870 |  12 | 1169.2 |
        Temple |    174 |      1 |    173 |      0 |      0 |   1 |  174.0 |
          Lair |   3566 |   3415 |    151 |   1165 |   1079 |   3 | 1188.7 |
               +--------+--------+--------+--------+--------+-----+--------+

Top non-repeatable levels by time:
     D:7: 2045 daAuts
  Lair:1: 1989 daAuts
    D:12: 1583 daAuts
     D:9: 1500 daAuts
  Lair:2: 1483 daAuts
     D:6: 1476 daAuts
     D:8: 1239 daAuts
    D:10: 1040 daAuts
     D:4: 1010 daAuts
     D:5: 992 daAuts
    D:11: 967 daAuts
     D:2: 843 daAuts
     D:1: 703 daAuts
     D:3: 629 daAuts
  Temple: 174 daAuts
